TOP OF THE 1ST |
Great Falls Voyagers batting - Pitching for Orem Owlz : RHP Eddie Garabito
|
Pitching: RHP Eddie Garabito
|
|
Batting: RHB Kasey Bland
|
0-0: Ball 1-0: Ball 2-0: Called Strike 2-1: Foul Ball, location: 2F 2-2: Foul Ball, location: 2F 2-2: Strikes out swinging
|
Batting: RHB Josh Newby
|
0-0: Called Strike 0-1: Foul Ball, location: 2F 0-2: Strikes out swinging, 2-3 out at first.
|
Batting: LHB Josh Pittman
|
0-0: Ball 1-0: Called Strike 1-1: Called Strike 1-2: Ball 2-2: Foul Ball, location: 2F 2-2: Strikes out swinging
|
Top of the 1st over - 0 runs, 0 hits, 0 errors, 0 left on base; Great Falls 0 - Orem 0 |
BOTTOM OF THE 1ST |
Orem Owlz batting - Pitching for Great Falls Voyagers : LHP Phil Peterson
|
Pitching: LHP Phil Peterson
|
|
Batting: SHB Butch Brown
|
0-0: Called Strike 0-1: Ball 1-1: Ball 2-1: Foul Ball, location: 2F 2-2: Ball 3-2: Foul Ball, location: 2F 3-2: Ground out 5-3 (Groundball, 56S, EV 86.3 MPH)
|
Batting: LHB Justin Alexander
|
0-0: Called Strike 0-1: Ball 1-1: Ball 2-1: Fly out, F6 (Popup, 6, EV 60.6 MPH)
|
Batting: RHB Ryan Pelletier
|
0-0: Ball 1-0: Ground out U3 (Groundball, 34, EV 106.3 MPH)
|
Bottom of the 1st over - 0 runs, 0 hits, 0 errors, 0 left on base; Great Falls 0 - Orem 0 |
TOP OF THE 2ND |
Great Falls Voyagers batting - Pitching for Orem Owlz : RHP Eddie Garabito
|
Batting: LHB Carlos Ramirez
|
0-0: Swinging Strike 0-1: Ball 1-1: Foul Ball, location: 2F 1-2: Ball 2-2: Foul Ball, location: 2F 2-2: Strikes out looking
|
Batting: RHB Duncan Collins
|
0-0: Ball 1-0: Ball 2-0: Ball 3-0: Called Strike 3-1: SOLO HOME RUN (Flyball, 78XD, EV 103.8 MPH), Distance : 412 ft
|
Batting: RHB Chris LaMore
|
0-0: Ball 1-0: Ball 2-0: Foul Ball, location: 2F 2-1: Ball 3-1: Foul Ball, location: 2F 3-2: Foul Ball, location: 2F 3-2: Ground out 4-3 (Groundball, 4, EV 81.9 MPH)
|
Batting: SHB Jose Romo
|
0-0: Ball 1-0: Ball 2-0: Foul Ball, location: 2F 2-1: Ball 3-1: Base on Balls
|
Batting: RHB Billy Grubbs
|
0-0: Called Strike Jose Romo steals 2nd base 0-1: Ball 1-1: Foul Ball, location: 2F 1-2: Ball 2-2: Foul Ball, location: 2F 2-2: Ball 3-2: Ground out 4-3 (Groundball, 4, EV 82.5 MPH)
|
Top of the 2nd over - 1 run, 1 hit, 0 errors, 1 left on base; Great Falls 1 - Orem 0 |
BOTTOM OF THE 2ND |
Orem Owlz batting - Pitching for Great Falls Voyagers : LHP Phil Peterson
|
Batting: RHB Mike Alm
|
0-0: Foul Ball, location: 2F 0-1: Fly out, F8 (Line Drive, 8RD, EV 99.4 MPH)
|
Batting: LHB Brett Bugge
|
0-0: Called Strike 0-1: Swinging Strike 0-2: Ball 1-2: Foul Ball, location: 2F 1-2: Fly out, F7 (Flyball, 78M, EV 90.6 MPH)
|
Batting: RHB Danny Bjarnson
|
0-0: Swinging Strike 0-1: Ball 1-1: Ball 2-1: Swinging Strike 2-2: Ground out U3 (Groundball, 34S, EV 89.4 MPH)
|
Bottom of the 2nd over - 0 runs, 0 hits, 0 errors, 0 left on base; Great Falls 1 - Orem 0 |
TOP OF THE 3RD |
Great Falls Voyagers batting - Pitching for Orem Owlz : RHP Eddie Garabito
|
Batting: RHB Juan Tovar
|
0-0: Ball 1-0: Swinging Strike 1-1: Foul Ball, location: 2F 1-2: Ball 2-2: Foul Ball, location: 2F 2-2: Foul Ball, location: 2F 2-2: Foul Ball, location: 2F 2-2: Foul Ball, location: 2F 2-2: Ball 3-2: Foul Ball, location: 2F 3-2: Ground out 6-3 (Groundball, 6, EV 90.0 MPH)
|
Batting: RHB Kasey Bland
|
0-0: Ball 1-0: Ball 2-0: Called Strike 2-1: Ground out 6-3 (Groundball, 6, EV 89.4 MPH)
|
Batting: RHB Josh Newby
|
0-0: Called Strike 0-1: Ground out 6-3 (Groundball, 6, EV 85.6 MPH)
|
Top of the 3rd over - 0 runs, 0 hits, 0 errors, 0 left on base; Great Falls 1 - Orem 0 |
BOTTOM OF THE 3RD |
Orem Owlz batting - Pitching for Great Falls Voyagers : LHP Phil Peterson
|
Batting: RHB Jose Ramirez
|
0-0: Swinging Strike 0-1: Ball 1-1: Called Strike 1-2: Ball 2-2: Ground out 6-3 (Groundball, 4MS, EV 76.9 MPH)
|
Batting: SHB Roger Payne
|
0-0: Swinging Strike 0-1: Hit by Pitch
|
Batting: RHB Malachi Ephron
|
0-0: Called Strike 0-1: Swinging Strike 0-2: Strikes out swinging
|
Batting: SHB Butch Brown
|
0-0: Called Strike 0-1: Swinging Strike 0-2: Ball 1-2: Strikes out looking
|
Bottom of the 3rd over - 0 runs, 0 hits, 0 errors, 1 left on base; Great Falls 1 - Orem 0 |
TOP OF THE 4TH |
Great Falls Voyagers batting - Pitching for Orem Owlz : RHP Eddie Garabito
|
Batting: LHB Josh Pittman
|
0-0: Ball 1-0: Ball 2-0: DOUBLE (Flyball, 9LD, EV 96.9 MPH)
|
Batting: LHB Carlos Ramirez
|
0-0: Ball 1-0: Called Strike 1-1: Foul Ball, location: 2F 1-2: Strikes out swinging
|
Batting: RHB Duncan Collins
|
0-0: Foul Ball, location: 2F 0-1: Foul Ball, location: 2F 0-2: SINGLE (Groundball, 34D, EV 98.8 MPH) Josh Pittman to third Runner from 3rd tries for Home, SAFE, throw by RF to home Duncan Collins to second
|
Batting: RHB Chris LaMore
|
0-0: Foul Ball, location: 2F 0-1: Ball 1-1: Ball 2-1: Foul Ball, location: 2F 2-2: Ball 3-2: Foul Ball, location: 2F 3-2: Base on Balls
|
Pitching: RHP Owen Prouty
|
|
Batting: SHB Jose Romo
|
0-0: Called Strike 0-1: Foul Ball, location: 2F 0-2: Ball 1-2: Ball 2-2: Foul Ball, location: 2F 2-2: Strikes out swinging
|
Batting: RHB Billy Grubbs
|
0-0: Called Strike 0-1: Ball 1-1: Foul Ball, location: 2F 1-2: Foul Ball, location: 2F 1-2: Strikes out swinging
|
Top of the 4th over - 1 run, 2 hits, 0 errors, 2 left on base; Great Falls 2 - Orem 0 |
BOTTOM OF THE 4TH |
Orem Owlz batting - Pitching for Great Falls Voyagers : LHP Phil Peterson
|
Batting: LHB Justin Alexander
|
0-0: Fly out, F5 (Popup, 5, EV 63.1 MPH)
|
Batting: RHB Ryan Pelletier
|
0-0: Called Strike 0-1: Ball 1-1: Called Strike 1-2: Ball 2-2: Fly out, F8 (Flyball, 8RD, EV 82.5 MPH)
|
Batting: RHB Mike Alm
|
0-0: Foul Ball, location: 2F 0-1: Foul Ball, location: 2F 0-2: Ball 1-2: Ground out 5-3 (Groundball, 56S, EV 90.0 MPH)
|
Bottom of the 4th over - 0 runs, 0 hits, 0 errors, 0 left on base; Great Falls 2 - Orem 0 |
TOP OF THE 5TH |
Great Falls Voyagers batting - Pitching for Orem Owlz : RHP Owen Prouty
|
Batting: RHB Juan Tovar
|
0-0: Called Strike 0-1: Ball 1-1: Ball 2-1: Swinging Strike 2-2: Ball 3-2: Strikes out looking
|
Batting: RHB Kasey Bland
|
0-0: Called Strike 0-1: Ball 1-1: Ball 2-1: Ball 3-1: Foul Ball, location: 2F 3-2: Foul Ball, location: 2F 3-2: Base on Balls
|
Batting: RHB Josh Newby
|
0-0: Called Strike 0-1: Ball 1-1: Called Strike 1-2: Ball 2-2: SINGLE (Line Drive, 9S, EV 106.3 MPH) Kasey Bland to second
|
Batting: LHB Josh Pittman
|
0-0: Called Strike 0-1: Ball 1-1: Ball 2-1: Called Strike 2-2: Ball 3-2: Foul Ball, location: 2F 3-2: Foul Ball, location: 2F 3-2: Strikes out swinging
|
Batting: LHB Carlos Ramirez
|
0-0: Called Strike 0-1: Called Strike 0-2: Ball 1-2: Foul Ball, location: 2F 1-2: Ball 2-2: Strikes out looking
|
Top of the 5th over - 0 runs, 1 hit, 0 errors, 2 left on base; Great Falls 2 - Orem 0 |
BOTTOM OF THE 5TH |
Orem Owlz batting - Pitching for Great Falls Voyagers : LHP Phil Peterson
|
Batting: LHB Brett Bugge
|
0-0: Called Strike 0-1: Fly out, F8 (Flyball, 8RD, EV 95.0 MPH)
|
Batting: RHB Danny Bjarnson
|
0-0: Swinging Strike 0-1: Ball 1-1: Foul Ball, location: 2F 1-2: Ball 2-2: Foul Ball, location: 2F 2-2: Ball 3-2: Ground out U3 (Groundball, 3, EV 101.3 MPH)
|
Batting: RHB Jose Ramirez
|
0-0: Ball 1-0: Foul Ball, location: 2F 1-1: Ball 2-1: Swinging Strike 2-2: Ball 3-2: Foul Ball, location: 2F 3-2: Strikes out swinging
|
Bottom of the 5th over - 0 runs, 0 hits, 0 errors, 0 left on base; Great Falls 2 - Orem 0 |
TOP OF THE 6TH |
Great Falls Voyagers batting - Pitching for Orem Owlz : RHP Owen Prouty
|
Batting: RHB Duncan Collins
|
0-0: Called Strike 0-1: Ball 1-1: Ball 2-1: Swinging Strike 2-2: Strikes out swinging
|
Batting: RHB Chris LaMore
|
0-0: Ball 1-0: Called Strike 1-1: Foul Ball, location: 2F 1-2: Ball 2-2: Foul Ball, location: 2F 2-2: Foul Ball, location: 2F 2-2: Strikes out swinging
|
Pitching: RHP Ed Raleigh
|
|
Batting: SHB Jose Romo
|
0-0: Ball 1-0: Called Strike 1-1: Ball 2-1: Ground out 6-3 (Groundball, 6, EV 83.8 MPH)
|
Top of the 6th over - 0 runs, 0 hits, 0 errors, 0 left on base; Great Falls 2 - Orem 0 |
BOTTOM OF THE 6TH |
Orem Owlz batting - Pitching for Great Falls Voyagers : LHP Phil Peterson
|
Batting: SHB Roger Payne
|
0-0: Ball 1-0: Fly out, F4 (Popup, 4, EV 75.0 MPH)
|
Batting: RHB Malachi Ephron
|
0-0: Ball 1-0: Ball 2-0: Ball 3-0: Base on Balls
|
Batting: SHB Butch Brown
|
0-0: Ball 1-0: Ball 2-0: Ball 3-0: Called Strike 3-1: Fly out, F8 (Flyball, 78D, EV 90.0 MPH)
|
Batting: LHB Justin Alexander
|
0-0: Ball 1-0: SINGLE (Groundball, 6MS, EV 68.1 MPH) (infield hit) Malachi Ephron to second
|
Batting: RHB Ryan Pelletier
|
0-0: DOUBLE (Line Drive, 78D, EV 107.5 MPH) Malachi Ephron scores Justin Alexander to third Runner from 3rd tries for Home, throw by CF and OUT! 8-6-2
|
Bottom of the 6th over - 1 run, 2 hits, 0 errors, 1 left on base; Great Falls 2 - Orem 1 |
TOP OF THE 7TH |
Great Falls Voyagers batting - Pitching for Orem Owlz : RHP Ed Raleigh
|
Batting: RHB Billy Grubbs
|
0-0: Ball 1-0: Fly out, F8 (Line Drive, 8RD, EV 86.3 MPH)
|
Batting: RHB Juan Tovar
|
0-0: Called Strike 0-1: Ball 1-1: Ball 2-1: Ball 3-1: Swinging Strike 3-2: Base on Balls
|
Batting: RHB Kasey Bland
|
0-0: Ball 1-0: Called Strike 1-1: Ball 2-1: Foul Ball, location: 2F 2-2: Foul Ball, location: 2F 2-2: Foul Ball, location: 2F 2-2: Ball 3-2: Strikes out looking
|
Batting: RHB Josh Newby
|
0-0: Foul Ball, location: 2F 0-1: Ball 1-1: Fly out, F8 (Flyball, 8LS, EV 82.5 MPH)
|
Top of the 7th over - 0 runs, 0 hits, 0 errors, 1 left on base; Great Falls 2 - Orem 1 |
BOTTOM OF THE 7TH |
Orem Owlz batting - Pitching for Great Falls Voyagers : LHP Phil Peterson
|
Now in CF: Andy Cotton
|
|
Now in RF: Josh Newby
|
|
Batting: RHB Mike Alm
|
0-0: Foul Ball, location: 2F 0-1: SINGLE (Groundball, 3D, EV 102.5 MPH)
|
Batting: LHB Brett Bugge
|
0-0: Ball 1-0: Ball 2-0: Foul Ball, location: 2F 2-1: Ball 3-1: Base on Balls Mike Alm to second
|
Batting: RHB Danny Bjarnson
|
0-0: Ball 1-0: Ball 2-0: Ball 3-0: Base on Balls Mike Alm to third Brett Bugge to second
|
Batting: RHB Jose Ramirez
|
0-0: Foul Ball, location: 2F 0-1: Ball 1-1: Swinging Strike 1-2: Ball 2-2: Ball 3-2: Base on Balls Mike Alm scores Brett Bugge to third Danny Bjarnson to second
|
Pitching: RHP Rick Sacket
|
|
Batting: SHB Roger Payne
|
0-0: Swinging Strike 0-1: Ball 1-1: Ball 2-1: Swinging Strike 2-2: Strikes out swinging
|
Batting: RHB Malachi Ephron
|
0-0: Ball 1-0: Called Strike 1-1: GRAND SLAM HOME RUN (Flyball, 7D, EV 96.3 MPH), Distance : 368 ft
|
Batting: SHB Butch Brown
|
0-0: Called Strike 0-1: Swinging Strike 0-2: Foul Ball, location: 2F 0-2: Ball 1-2: Fly out, F8 (Flyball, 89D, EV 95.0 MPH)
|
Batting: LHB Justin Alexander
|
0-0: Ball 1-0: Foul Ball, location: 2F 1-1: Foul Ball, location: 2F 1-2: Foul Ball, location: 2F 1-2: Foul Ball, location: 2F 1-2: SINGLE (Line Drive, 8RS, EV 103.1 MPH)
|
Batting: RHB Ryan Pelletier
|
0-0: Ball 1-0: Ball 2-0: Called Strike 2-1: Foul Ball, location: 2F 2-2: Ball Justin Alexander steals 2nd base 3-2: Base on Balls
|
Batting: RHB Mike Alm
|
0-0: Ball 1-0: Called Strike 1-1: Ball 2-1: Foul Ball, location: 2F 2-2: Ball 3-2: Base on Balls Justin Alexander to third Ryan Pelletier to second
|
Batting: LHB Brett Bugge
|
0-0: Ball 1-0: Ball 2-0: Swinging Strike 2-1: Ball 3-1: Foul Ball, location: 2F 3-2: Fly out, F7 (Flyball, 7, EV 80.6 MPH)
|
Bottom of the 7th over - 5 runs, 3 hits, 0 errors, 3 left on base; Great Falls 2 - Orem 6 |
TOP OF THE 8TH |
Great Falls Voyagers batting - Pitching for Orem Owlz : RHP Ed Raleigh
|
Batting: LHB Josh Pittman
|
0-0: Called Strike 0-1: Called Strike 0-2: Foul Ball, location: 2F 0-2: Foul Ball, location: 2F 0-2: Fly out, F8 (Flyball, 8LXD, EV 80.0 MPH)
|
Batting: LHB Carlos Ramirez
|
0-0: Called Strike 0-1: Called Strike 0-2: Strikes out swinging
|
Batting: RHB Andy Cotton
|
0-0: Ball 1-0: Foul Ball, location: 2F 1-1: DOUBLE (Line Drive, 9LM, EV 108.1 MPH)
|
Batting: RHB Chris LaMore
|
0-0: Foul Ball, location: 2F 0-1: Ball 1-1: Foul Ball, location: 2F 1-2: Ball 2-2: Ball 3-2: Fly out, F7 (Flyball, 7LD, EV 98.8 MPH)
|
Top of the 8th over - 0 runs, 1 hit, 0 errors, 1 left on base; Great Falls 2 - Orem 6 |
BOTTOM OF THE 8TH |
Orem Owlz batting - Pitching for Great Falls Voyagers : RHP Rick Sacket
|
Pitching: RHP Brian Wesolek
|
|
Batting: RHB Danny Bjarnson
|
0-0: Ball 1-0: Called Strike 1-1: Foul Ball, location: 2F 1-2: Strikes out looking
|
Batting: RHB Jose Ramirez
|
0-0: Foul Ball, location: 2F 0-1: Foul Ball, location: 2F 0-2: Foul Ball, location: 2F 0-2: Ball 1-2: Ground out 5-3 (Groundball, 15, EV 83.8 MPH)
|
Batting: SHB Roger Payne
|
0-0: Foul Ball, location: 2F 0-1: Foul Ball, location: 2F 0-2: Ground out 4-3 (Groundball, 34, EV 82.5 MPH)
|
Bottom of the 8th over - 0 runs, 0 hits, 0 errors, 0 left on base; Great Falls 2 - Orem 6 |
TOP OF THE 9TH |
Great Falls Voyagers batting - Pitching for Orem Owlz : RHP Ed Raleigh
|
Pitching: RHP Simon Vogel
|
|
Batting: SHB Jose Romo
|
0-0: Ball 1-0: Foul Ball, location: 2F 1-1: Swinging Strike 1-2: Strikes out swinging
|
Batting: RHB Billy Grubbs
|
0-0: Swinging Strike 0-1: Foul Ball, location: 2F 0-2: Strikes out swinging
|
Batting: RHB Juan Tovar
|
0-0: Ball 1-0: Called Strike 1-1: Called Strike 1-2: Ball 2-2: Foul Ball, location: 2F 2-2: Ball 3-2: Strikes out looking
|
Top of the 9th over - 0 runs, 0 hits, 0 errors, 0 left on base; Great Falls 2 - Orem 6 |
|